 Dungeon Crawl Stone Soup version 0.32-a0-675-gdc239d62e1 (webtiles) character file.

Game seed: 3850888741191381267

102555 smashvw the Spry (level 16, -2/108 (112) HPs)
             Began as an Octopode Wanderer on Mar 11, 2024.
             Was an Initiate of Gozag.
             Slain by a wolf spider (15 damage)
             ... on level 2 of the Spider Nest.
             The game lasted 01:25:07 (22748 turns).

smashvw the Spry (Octopode Wanderer)               Turns: 22748, Time: 01:25:07

HP:   -2/108 (112)  AC: 10    Str:  9    XL:     16   Next: 33%
MP:   32/32         EV: 26    Int: 12    God:    Gozag
Gold: 2195          SH:  5    Dex: 24    Spells: 13/24 levels left

rFire   . . .        o - +8 pair of quick blades "Gyre" and "Gimble" {protect}
rCold   + . .        (shield currently unavailable)
rNeg    . . .        c - +2 hat
rPois   .            y - amulet of reflection
rElec   .            G - ring of resist corrosion
rCorr   +            V - ring of willpower
SInv    .            f - ring of magical power
Will    ++...        O - ring of protection from cold
Stlth   +++++        S - ring of flight
HPRegen 0.38/turn    (no ring)
MPRegen 0.23/turn    (no ring)
                     (no ring)

%: reflection
@: lethally poisoned (-2 -> -43), maw-form, gold aura, under a protective aura,
flying, slowed, lightly drained, very slow
A: devouring maw, almost no armour, amphibious, 8 rings, camouflage 1,
gelatinous body 1, (nimble swimmer 1), tentacles
a: Begin Untransformation, Renounce Religion, Potion Petition, Call Merchant,
Bribe Branch


You were on level 2 of the Spider Nest.
You worshipped Gozag.
Gozag was most pleased with you.
You were a creature with a mouth for a stomach.
You visited 5 branches of the dungeon, and saw 21 of its levels.
You also visited: Ossuary.

You collected 6554 gold pieces.
You spent 1482 gold pieces at shops.
You paid 2877 gold pieces to Gozag.

Inventory:

Hand Weapons
 o - the +8 pair of quick blades "Gyre" and "Gimble" (weapon) {protect}
   (You acquired it on level 1 of the Lair of Beasts)
 U - a +8 dagger of speed
Missiles
 b - 4 throwing nets
 n - 4 atropa-tipped darts
 p - 3 javelins
 t - 11 curare-tipped darts
 v - 19 poisoned darts (quivered)
 L - 16 boomerangs
 Q - 5 datura-tipped darts
Armour
 c - a +2 hat (worn)
Jewellery
 f - a ring of magical power (on tentacle)
 y - an amulet of reflection (around mantle)
 G - a ring of resist corrosion (left tentacle)
 J - an amulet of magic regeneration
 O - a ring of protection from cold (on tentacle)
 S - a ring of flight (on tentacle)
 V - a ring of willpower (right tentacle)
Talismans
 P - a maw talisman (active)
Wands
 m - a wand of paralysis (8)
 q - a wand of roots (4)
 W - a wand of flame (10)
 X - a wand of digging (8)
 Y - a wand of acid (3)
Scrolls
 g - a scroll of brand weapon
 h - 15 scrolls of teleportation
 i - 6 scrolls of amnesia
 k - 3 scrolls of revelation
 l - 3 scrolls of fear
 C - 4 scrolls of blinking
 D - a scroll of torment
 E - 5 scrolls of fog
 I - a scroll of poison
 K - a scroll of enchant armour
 M - 3 scrolls of vulnerability
 Z - 2 scrolls of immolation
Potions
 a - 2 potions of degeneration
 d - 8 potions of curing
 e - a potion of invisibility
 j - 3 potions of berserk rage
 r - 2 potions of haste
 s - a potion of brilliance
 u - 2 potions of attraction {unknown}
 x - 3 potions of magic {unknown}
 z - 2 potions of cancellation
 A - 4 potions of might
 B - 4 potions of mutation
 F - 4 potions of resistance
 H - 5 potions of lignification {unknown}
 N - a potion of heal wounds
 R - 2 potions of enlightenment {unknown}


   Skills:
 + Level 11.0 Fighting
 - Level 14.0 Short Blades
 - Level 2.0 Polearms
 - Level 7.0 Throwing
 - Level 15.0 Dodging
 - Level 8.0 Stealth
 - Level 5.0 Shields
 - Level 4.7 Spellcasting
 - Level 2.0 Translocations
 - Level 1.0 Invocations
 - Level 6.0 Evocations
 * Level 12.2 Shapeshifting


You had 13 spell levels left.
You knew the following spells:

 Your Spells              Type           Power      Damage    Failure   Level
a - Fire Storm            Conj/Fire      1%         7d1       100%        9
b - Blink                 Tloc           14%        N/A       14%         2

Your spell library contained the following spells:

 Spells                   Type           Power      Damage    Failure   Level
 Lesser Beckoning         Tloc           14%        N/A       14%         2
 Kiss of Death            Conj/Necr      8%         2d6       21%         1
 Magic Dart               Conj           8%         1d3       21%         1
 Summon Small Mammal      Summ           8%         N/A       21%         1
 Gell's Gravitas          Tloc           7%         N/A       26%         3
 Teleport Other           Tloc           7%         N/A       26%         3
 Call Imp                 Summ           4%         N/A       30%         2
 Cigotuvi's Dreadful Rot  Necr/Alch/Air  4%         N/A       30%         2
 Ensorcelled Hibernation  Hex/Ice        4%         N/A       30%         2
 Searing Ray              Conj           4%         2d4       30%         2
 Call Canine Familiar     Summ           2%         N/A       52%         3
 Confusing Touch          Hex            2%         N/A       52%         3
 Ozocubu's Armour         Ice            2%         N/A       52%         3
 Passwall                 Erth           2%         N/A       52%         3
 Stone Arrow              Conj/Erth      4%         3d7       52%         3
 Swiftness                Air            2%         N/A       52%         3
 Dispel Undead            Necr           2%         3d7       90%         4
 Fulminant Prism          Conj/Alch      1%         3d5       90%         4
 Ignite Poison            Fire/Alch      2%         N/A       90%         4
 Olgreb's Toxic Radiance  Alch           2%         N/A       90%         4
 Summon Blazeheart Golem  Fire/Summ      2%         N/A       90%         4
 Summon Lightning Spire   Summ/Air       2%         N/A       90%         4
 Freezing Cloud           Conj/Ice/Air   1%         6-21      99%         5
 Lee's Rapid Deconstruct  Erth           1%         3d4*      99%         5
 Metabolic Englaciation   Hex/Ice        1%         N/A       99%         5
 Sculpt Simulacrum        Ice/Alch       1%         N/A       100%        6
 Malign Gateway           Summ/Tloc      2%         N/A       100%        7
 Ozocubu's Refrigeration  Ice            1%         4d7       100%        7
 Discord                  Hex            1%         N/A       100%        8
 Lehudib's Crystal Spear  Conj/Erth      1%         10d2      100%        8
 Summon Horrible Things   Summ           1%         N/A       100%        8
 Chain Lightning          Conj/Air       1%         3d1       100%        9
 Shatter                  Erth           1%         3d5*      100%        9
 Animate Armour           Summ/Erth      Unusable   N/A       N/A         4

Dungeon Overview and Level Annotations

Branches:
Dungeon (11/15)            Temple (1/1) D:7            Lair (5/5) D:11
 Shoals (0/4) Lair:2       Spider (2/4) Lair:2        Slime (0/5) Lair:4
    Orc (2/2) D:10            Elf (0/3) Orc:2       Ossuary (visited)

Altars:
Ashenzari
Cheibriados
Dithmenos
Elyvilon
Fedhas
Gozag
Hepliaklqana
Kikubaaqudgha
Makhleb
Nemelex Xobeh
Okawaru
Qazlal
Ru
Sif Muna
Trog
Uskayaw
Vehumet
Wu Jian
Xom
Yredelemnul
Zin
The Shining One
Beogh
Jiyva

Shops:
D:1 (   D:10 *?*   Orc:1 *   Orc:2 !?:(


Innate Abilities, Weirdness & Mutations

You are a creature with a mouth for a stomach.
Your midsection houses a second, enormous mouth.
You cannot wear most types of armour.
You are amphibious.
You can wear up to eight rings at the same time.
Your skin changes colour to match your surroundings (Stealth+).
Your rubbery body absorbs attacks. (AC +1, EV +1)
((You are camouflaged when in or above water. (Stealth+)))
You have tentacles for arms and can constrict up to eight enemies at once.


Message History

You hit the wolf spider but do no damage.
You bite the wolf spider.
The wolf spider is severely wounded.
You constrict the wolf spider. You block the wolf spider's attack.
The wolf spider bites you.
You are poisoned.
The wolf spider poisons you!
You hit the wolf spider.
You squeeze the wolf spider, but do no damage.
You bite the wolf spider, but do no damage.
You hit the wolf spider. You bite the wolf spider.
You kill the wolf spider!
You feel very sick.
Training target 6.0 for Evocations reached!
Training target 15.0 for Dodging reached!
Your Dodging skill increases to level 15!
Your Evocations skill increases to level 6!
You feel extremely sick.
The torpor snail looks more healthy.
The wolf spider hits you.
* * * LOW HITPOINT WARNING * * *
The wolf spider bites you!
* * * LOW HITPOINT WARNING * * *
You are lethally poisoned!
The wolf spider poisons you! The wolf spider hits you!
* * * LOW HITPOINT WARNING * * *
You block the wolf spider's attack. The wolf spider misses you.
The wolf spider completely misses you.
You see here 7 gold pieces.
Okay, then.
Okay, then.
You feel much better.
* * * LOW HITPOINT WARNING * * *
You feel extremely sick. The wolf spider hits you!
* * * LOW HITPOINT WARNING * * *
The wolf spider bites you.
* * * LOW HITPOINT WARNING * * *
The wolf spider hits you!
You die...
Your body crumbles into a pile of gold.

#......##....##........
##.....#...............
#(...##............... .
#....#.........##...^.
..#..........#....#..#..
......(......#.....##.#.
..........####.....^..##
#.....ssw....#######....#
........#W....#..#..#.....
....#...#....##...........
#.$...............
#<$.^.........##.#
#..............###
#^$#.....#.#...#..
#.##.......#####..
#......$...#....$<
#......$.$##$.....


You could see a torpor snail, a wolf spider and a tarantella.

Vanquished Creatures
  2 ghost moths (Spider:2)
  An orc warlord (Orc:2)
  A broodmother (Spider:2)
  2 spark wasps (Spider:2)
  An entropy weaver (Spider:1)
  Erolcha (Orc:1)
  2 hydras
  A boulder beetle (Spider:2)
  An ogre mage (Orc:2)
  2 radroaches (Spider:1)
  4 two-headed ogres
  6 death yaks (Lair:5)
  3 orc high priests (Orc:2)
  7 demonic crawlers
  Sonja (Orc:1)
  2 skysharks (Lair:5)
  2 pharaoh ants (Spider:2)
  A spectral death yak (Lair:5)
  5 orb spiders
  2 lindwurms
  2 steelbarb worms
  7 orc knights
  13 wolf spiders
  Maurice (Orc:2)
  4 orc sorcerers (Orc:2)
  3 cyclopes
  2 moths of wrath (Spider:1)
  An oklob plant (Lair:5)
  14 elephants
  A merfolk siren (Lair:2)
  5 black mambas
  A kobold blastminer (Orc:2)
  6 torpor snails
  14 cane toads
  Maggie (D:6)
  2 unseen horror zombies (D:8)
  A rime drake (Lair:3)
  7 komodo dragons
  Jeremiah (D:7)
  5 polar bears
  A troll (Orc:2)
  2 hornets (D:7)
  16 tarantellas
  23 blink frogs
  4 dream sheep (Lair:2)
  17 jumping spiders
  17 culicivoras
  3 shadows (D:11)
  4 wraiths
  6 vampires
  74 yaks
  24 redbacks
  4 wyverns
  A basilisk (Lair:2)
  2 wargs (Orc:2)
  13 water moccasins
  28 orc warriors
  A sky beast (D:6)
  3 black bears
  7 ogres
  9 wolves
  7 centaurs
  3 phantoms
  2 kobold brigands (D:8)
  11 bullfrogs
  A cane toad simulacrum (Lair:5)
  2 wyvern zombies (D:8)
  A gnoll sergeant (D:9)
  10 scorpions
  17 wights
  21 killer bees
  An electric eel (Lair:5)
  3 howler monkeys
  2 hounds
  20 orc priests
  10 centaur zombies
  A human zombie (D:8)
  A gnoll bouda (D:5)
  A centaur skeleton (D:8)
  6 iguanas
  2 boggart zombies (D:11)
  4 scorpion zombies (Ossuary)
  26 orc wizards
  4 hell rats (Lair:1)
  2 hound skeletons (D:4)
  3 mummies (Ossuary)
  11 gnolls
  A howler monkey zombie (D:8)
  7 adders
  5 adder zombies
  2 adder skeletons (D:4)
  A dart slug (D:1)
  A ribbon worm (D:2)
  109 orcs
  10 ball pythons
  6 endoplasms
  4 giant cockroaches (D:4)
  A gnoll zombie (Ossuary)
  4 goblins
  6 hobgoblins
  6 jackals
  4 quokkas
  2 ball python zombies (Ossuary)
  3 bats
  3 frilled lizards
  A jackal zombie (Ossuary)
  16 kobolds
  2 orc zombies (Ossuary)
  7 rats
770 creatures vanquished.

Vanquished Creatures (others)
  An orc priest (Orc:2)
1 creature vanquished.

Grand Total: 771 creatures vanquished

Notes
Turn   | Place    | Note
-------+----------+-------------------------------------------
     0 | D:1      | smashvw the Octopode Wanderer began the quest for the Orb.
     0 | D:1      | smashvw set off with the following items: a +0 spear, 4
                  | throwing nets, a +0 hat, a potion of curing, a potion of
                  | invisibility.
     0 | D:1      | Reached XP level 1. HP: 13/13 MP: 1/1
    48 | D:1      | Reached skill level 1 in Stealth
   105 | D:1      | Reached XP level 2. HP: 16/18 MP: 2/2
   135 | D:1      | You fall into a shaft and drop 1 floor!
   231 | D:1      | Found a faded altar of an unknown god.
   431 | D:1      | Reached XP level 3. HP: 23/23 MP: 3/3
   473 | D:1      | Found Vefasm's Weapon Shop.
  1422 | D:3      | Reached XP level 4. HP: 28/28 MP: 4/4
  1508 | D:3      | Found a bloodstained altar of Trog.
  1691 | D:3      | Found a glowing silver altar of Zin.
  1816 | D:3      | Reached XP level 5. HP: 12/33 MP: 5/5
  2031 | D:3      | Found an iron altar of Okawaru.
  2535 | D:4      | Noticed a phantom
  2537 | D:4      | Reached skill level 6 in Dodging
  2537 | D:4      | Reached XP level 6. HP: 29/38 MP: 6/6
  2669 | D:4      | Noticed a black bear
  2691 | D:4      | Killed a black bear
  2692 | D:4      | Reached skill level 5 in Stealth
  2706 | D:4      | Reached XP level 7. HP: 28/43 MP: 7/7
  2979 | D:4      | Found a sand-covered staircase.
  2987 | Ossuary  | Entered an ossuary
  3071 | Ossuary  | Reached skill level 7 in Dodging
  3193 | Ossuary  | Reached skill level 5 in Throwing
  3335 | Ossuary  | Reached XP level 8. HP: 43/48 MP: 8/8
  3453 | Ossuary  | Reached skill level 8 in Dodging
  3792 | D:4      | Found a white marble altar of Elyvilon.
  3967 | D:4      | Found a glowing golden altar of the Shining One.
  4348 | D:5      | Entered Level 5 of the Dungeon
  4377 | D:5      | Reached skill level 9 in Dodging
  4377 | D:5      | Reached skill level 1 in Evocations
  4552 | D:5      | Reached skill level 1 in Spellcasting
  4991 | D:5      | Reached XP level 9. HP: 52/53 MP: 12/12
  5132 | D:5      | Found a shimmering blue altar of Sif Muna.
  5244 | D:6      | Found a shadowy altar of Dithmenos.
  5559 | D:6      | Noticed Maggie
  5578 | D:6      | Killed Maggie
  5579 | D:6      | Reached skill level 10 in Dodging
  5649 | D:6      | Found a sacrificial altar of Ru.
  6666 | D:7      | Reached skill level 1 in Short Blades
  6666 | D:7      | Reached skill level 1 in Shapeshifting
  6843 | D:7      | Reached skill level 1 in Shields
  7227 | D:7      | Noticed Jeremiah
  7357 | D:7      | Found an ornate altar of the Wu Jian Council.
  7413 | D:7      | Reached XP level 10. HP: 49/58 MP: 17/17
  7536 | D:7      | Killed Jeremiah
  7608 | D:7      | Noticed a cyclops
  7615 | D:7      | Found a staircase to the Ecumenical Temple.
  7622 | Temple   | Entered the Ecumenical Temple
  7637 | Temple   | Became a worshipper of Gozag Ym Sagoz the Greedy
  7744 | D:7      | Killed a cyclops
  7799 | D:7      | Found a shimmering altar of Xom.
  8360 | D:8      | Found a stormy altar of Qazlal.
  8650 | D:8      | Found a hazy altar of Hepliaklqana.
  8879 | D:8      | Reached skill level 5 in Short Blades
  9068 | D:8      | Reached skill level 5 in Shields
  9085 | D:8      | Reached skill level 5 in Shapeshifting
  9099 | D:8      | Found an ancient bone altar of Kikubaaqudgha.
  9268 | D:8      | Reached XP level 11. HP: 63/63 MP: 18/18
  9546 | D:1      | Bought a +7 dagger of speed for 516 gold pieces
  9828 | D:9      | Noticed a cyclops
 10114 | D:9      | Killed a cyclops
 10999 | D:10     | Entered Level 10 of the Dungeon
 11281 | D:10     | Found a staircase to the Orcish Mines.
 11692 | D:10     | Reached skill level 10 in Short Blades
 12354 | D:11     | Found a staircase to the Lair.
 12390 | Lair:1   | Entered Level 1 of the Lair of Beasts
 12533 | Lair:1   | Reached XP level 12. HP: 55/74 MP: 19/19
 12672 | Lair:1   | Reached skill level 5 in Fighting
 13259 | Lair:1   | Identified a scroll of acquirement
 13272 | Lair:1   | Acquired the +8 pair of quick blades "Gyre" and "Gimble"
                  | {protect}
 13272 | Lair:1   | Found the +8 pair of quick blades "Gyre" and "Gimble"
                  | {protect}
 13688 | Lair:2   | Found a hole to the Spider Nest.
 13944 | Lair:2   | Found a staircase to the Shoals.
 14179 | Lair:2   | Reached XP level 13. HP: 90/90 MP: 20/20
 14568 | Lair:3   | Identified the +11 war axe "Yrchykhlo" {freeze, ^Contam
                  | Will- Dex+9 SInv}
 14618 | Lair:3   | Reached skill level 10 in Fighting
 15652 | Lair:4   | Found a viscous altar of Jiyva.
 15652 | Lair:4   | Found a staircase to the Slime Pits.
 16135 | Lair:4   | Learned a level 9 spell: Fire Storm
 16138 | Lair:4   | Learned a level 2 spell: Blink
 16139 | Lair:5   | Entered Level 5 of the Lair of Beasts
 16158 | Lair:5   | Reached skill level 1 in Translocations
 16205 | Lair:5   | HP: 1/92 [death yak (29)]
 16517 | Lair:5   | Identified the +0 morningstar of Ehes {pain, Int+4}
 16587 | Lair:5   | Reached XP level 14. HP: 97/99 MP: 21/21
 16658 | Lair:5   | Reached skill level 11 in Dodging
 16782 | Lair:5   | Reached skill level 12 in Dodging
 17101 | Lair:5   | Upgraded the game from 0.32-a0-673-g3729bd50f8 to
                  | 0.32-a0-675-gdc239d62e1
 17171 | Lair:5   | Found a broken altar of Ashenzari.
 17180 | Lair:5   | Reached skill level 13 in Dodging
 17350 | Lair:5   | Noticed a dire elephant
 17350 | Lair:5   | Noticed a dire elephant
 17698 | D:10     | Bought a scroll of identify for 32 gold pieces
 17698 | D:10     | Bought a scroll of identify for 32 gold pieces
 17698 | D:10     | Bought a scroll of immolation for 64 gold pieces
 17698 | D:10     | Bought a scroll of amnesia for 64 gold pieces
 17701 | D:10     | Bought a potion of haste for 160 gold pieces
 17701 | D:10     | Bought a potion of resistance for 160 gold pieces
 17706 | Orc:1    | Entered Level 1 of the Orcish Mines
 17718 | Orc:1    | Found Kacisy's Assorted Antiques.
 17917 | Orc:1    | Noticed Sonja
 17921 | Orc:1    | Killed Sonja
 17997 | Orc:1    | Noticed Erolcha
 18009 | Orc:1    | Killed Erolcha
 18092 | Orc:2    | Entered Level 2 of the Orcish Mines
 18110 | Orc:2    | Noticed an orc warlord
 18153 | Orc:2    | Killed an orc warlord
 18411 | Orc:2    | Noticed Maurice
 18413 | Orc:2    | Killed Maurice
 18731 | Orc:2    | Reached XP level 15. HP: 76/103 MP: 22/22
 18797 | Orc:2    | Found Zutitupa's Magic Scroll Boutique.
 18797 | Orc:2    | Found Vachuosafo's Distillery.
 18882 | Orc:2    | Found Zoxy's Antique Weapon Boutique.
 18882 | Orc:2    | Found Ynliump's Book Shoppe.
 19126 | Orc:2    | Bought a potion of mutation for 128 gold pieces
 19126 | Orc:2    | Bought a potion of heal wounds for 80 gold pieces
 19126 | Orc:2    | Bought a potion of curing for 48 gold pieces
 19126 | Orc:2    | Bought a potion of curing for 48 gold pieces
 19131 | Orc:2    | Bought 2 scrolls of blinking for 150 gold pieces
 19269 | Orc:2    | Found a staircase to the Elven Halls.
 19876 | D:11     | Reached skill level 14 in Dodging
 19933 | D:11     | Reached skill level 10 in Shapeshifting
 20331 | Spider:1 | Entered Level 1 of the Spider Nest
 21237 | Spider:1 | Found a roughly hewn altar of Beogh.
 21403 | Spider:1 | Identified the +3 dagger of Akhleon {elec, rElec Will+}
 21821 | Spider:2 | Reached skill level 5 in Evocations
 21821 | Spider:2 | Reached XP level 16. HP: 95/111 MP: 0/23
 22747 | Spider:2 | Reached skill level 15 in Dodging
 22748 | Spider:2 | Slain by a wolf spider

Illustrated notes

Levels and vault maps discovered:
D:1:      orjb1_lava_funnel, layout_basic, serial_shops,
          nicolae_shop_behind_doors, serial_rivers,
          chequers_serial_rivers_room_b, chequers_serial_rivers_small_3,
          chequers_serial_rivers_marsh, chequers_serial_rivers_marsh,
          basic_ecumenical_altar, wad_floor_pattern_2
D:2:      layout_loops_ring, minmay_pentomino_v2
D:3:      cheibrodos_pilgrimage, layout_loops_corners,
          mainiacjoe_overflow_boulevard, mainiacjoe_overflow_paths,
          mainiacjoe_overflow_surrounded_room, st_stairs_11, minivault_23,
          dk_noncrumbling_3
D:4:      kennysheep_six_static_rooms, layout_loops_ring, lemuel_crystal_altar,
          nicolae_tso_swordbearing_angel, mainiacjoe_ossuary_entry_find_the_door
D:5:      layout_rooms, hellmonk_sif_muna_bookshelves
D:6:      layout_gridville, hangedman_ru_absence,
          nicolae_dithmenos_shadow_blocks, uniq_maggie
D:7:      layout_loops_ring, general_overflow_altar, tgw_xom,
          minmay_temple_entry_junction, minivault_1, uniq_jeremiah
D:8:      layout_cave_pools, lemuel_mausoleum_altar_kikubaaqudgha,
          nicolae_qazlal_style_of_elements, lemuel_crystal_altar,
          grunt_decor_cap, hex_large
D:9:      layout_rooms
D:10:     layout_basic, orc_david_3
D:11:     layout_irregular_city, lair_entry_dummy, serial_undead,
          serial_undead_b, serial_undead_b, serial_undead_a, serial_undead_d,
          serial_undead_e, serial_undead_e, serial_undead_f, serial_undead_c
Temple:   hellmonk_temple_forest_ring
Lair:1:   layout_long_grid, nicolae_volcano_entry_vermiform, grunt_megastairs_5,
          lemuel_fruit_tree
Lair:2:   layout_misc_corridors, minmay_shoals_entry_lonely_mermaid,
          hellmonk_spider_entry_life_and_decay
Lair:3:   layout_chaotic_city
Lair:4:   layout_regular_city, dpeg_slime_entry_enclosed, beast_lair_carwin_5
Lair:5:   due_jungle_book, layout_concentric_octagons, lemuel_oklob_altar,
          serial_bayou_shore_a
Spider:1: nicolae_spider_mines_2
Spider:2: nicolae_spider_brood_tunnel
Orc:1:    layout_caves, serial_shops, shop, uniq_erolcha, uniq_sonja
Orc:2:    grunt_orc_tribal_feast, layout_diamond_mine, uniq_maurice

Skill      XL: |  1  2  3  4  5  6  7  8  9 10 11 12 13 14 15 16 |
---------------+-------------------------------------------------+-----
Stealth        | 1 2 3 4 5 6 8 |  8.0
Throwing       | 2 3 4 5 6 7 |  7.0
Dodging        | 6 7 9 10 13 14 15 | 15.0
Evocations     | 2 4 5 6 |  6.0
Spellcasting   | 2 4 |  4.7
Short Blades   | 2 6 10 11 14 | 14.0
Shapeshifting  | 2 5 7 8 11 12 | 12.2
Shields        | 2 5 |  5.0
Fighting       | 3 9 10 11 | 11.0
Translocations | 2 |  2.0
Polearms       | |  2.0
Invocations    | |  1.0

Action                     |  1- 3 |  4- 6 |  7- 9 | 10-12 | 13-15 | 16-18 || total
---------------------------+-------+-------+-------+-------+-------+-------++-------
  Melee: Spear             |    88 |    56 |   349 |       |       |       ||   493
         Tentacles         |    22 |    20 |   128 |   192 |   646 |    84 ||  1092
         Constrict         |    18 |    17 |    96 |    80 |   168 |    31 ||   410
         Dagger            |       |       |    38 |   430 |       |       ||   468
         Short sword       |       |       |    20 |    25 |       |       ||    45
         Pair of quick bla |       |       |       |   159 |  1732 |   216 ||  2107
         Maw               |       |       |       |       |   547 |   125 ||   672
  Throw: Boomerang         |    10 |    50 |    40 |     6 |    50 |    12 ||   168
         Stone             |       |       |    29 |       |     9 |       ||    38
         Dart              |       |       |       |    40 |    32 |     7 ||    79
   Cast: Blink             |       |       |       |       |     2 |     1 ||     3
 Invoke: Call Merchant     |       |       |       |       |     3 |       ||     3
  Evoke: Wand              |       |     2 |     3 |     5 |    14 |       ||    24
    Use: Potion            |       |       |     3 |     7 |     1 |     2 ||    13
         Scroll            |       |       |     9 |     8 |    14 |     1 ||    32
   Stab: Sleeping          |    16 |       |    12 |    24 |    38 |       ||    90
         Distracted        |     1 |     1 |       |     5 |    11 |     2 ||    20
         Paralysed         |       |     3 |    11 |     5 |       |       ||    19
         Confused          |       |       |       |     2 |       |       ||     2
 Armour: Skin              |    14 |    15 |   130 |    87 |   116 |    28 ||   390
  Dodge: Dodged            |    34 |    23 |   284 |   215 |   293 |    45 ||   894
  Block: Other             |       |       |    47 |     1 |    63 |     8 ||   119
         Buckler           |       |       |    20 |   166 |       |       ||   186
         Reflection        |       |       |     1 |     7 |     2 |       ||    10
   Form: Beast             |       |       |     1 |       |       |       ||     1
         Maw               |       |       |       |       |     1 |       ||     1

Table legend: (Time is in decaauts)
 A = Elapsed time spent in this place.
 B = Non-inter-level travel time spent in this place.
 C = Inter-level travel time spent in this place.
 D = Time resting spent in this place.
 E = Time spent auto-exploring this place.
 F = Levels seen in this place.
 G = Mean time per level.
                   A        B        C        D        E       F      G
               +--------+--------+--------+--------+--------+-----+--------+
         Total |  22226 |  20760 |   1466 |    811 |  15789 |  22 | 1010.3 |
       Dungeon |  12264 |  11260 |   1004 |    469 |   8684 |  11 | 1114.9 |
        Temple |     30 |      2 |     28 |      0 |      0 |   1 |   30.0 |
          Lair |   5117 |   4832 |    285 |    153 |   3735 |   5 | 1023.4 |
   Spider Nest |   2325 |   2265 |     60 |     76 |   1740 |   2 | 1162.5 |
  Orcish Mines |   1750 |   1662 |     88 |     68 |   1188 |   2 |  875.0 |
       Ossuary |    737 |    737 |      0 |     44 |    442 |   1 |  737.0 |
               +--------+--------+--------+--------+--------+-----+--------+

Top non-repeatable levels by time:
     D:7: 1865 daAuts
     D:4: 1451 daAuts
Spider:1: 1378 daAuts
  Lair:4: 1345 daAuts
    D:10: 1303 daAuts
     D:8: 1262 daAuts
  Lair:1: 1246 daAuts
   Orc:2: 1188 daAuts
  Lair:5: 1180 daAuts
     D:3: 1161 daAuts
     D:6: 1138 daAuts
     D:9: 984 daAuts
Spider:2: 947 daAuts
     D:5: 921 daAuts
    D:11: 782 daAuts
